Map: At Eternity's Edge LE

Players

JetLi

  • Race: Protoss Protoss
  • League: Grandmaster

Berry - Winner!

  • Race: Terran Terran
  • League: Grandmaster

VOD

Have the link to the VOD?

Description

Time

  • Played on: Sept. 10, 2026, 8:37 p.m.
  • Length: 24:26
Show
View Real Time Build Order
Export as new Build Order

JetLi Protoss 

Build Orders: Blink Stalkers 

Get SALT Encoding   

  8  0:00  Probe (Chrono Boost)  
  9  0:12  Probe (Chrono Boost)  
  10  0:21  Probe (Chrono Boost)  
  11  0:26  Probe  
  12  0:33  Pylon  
  12  0:39  Probe  
  13  0:51  Probe  
  14  0:58  Gateway  
  14  1:03  Probe (Chrono Boost)  
  15  1:07  Assimilator  
  15  1:13  Probe (Chrono Boost)  
  15  1:18  Probe (Chrono Boost)  
  17  1:29  Probe  
  18  1:41  Probe  
  19  1:48  Nexus  
  19  1:55  Cybernetics Core  
  19  1:58  Probe  
  20  2:04  Pylon  
  20  2:10  Probe  
  20  2:13  Assimilator  
  22  2:22  Probe  
  22  2:27  Adept (Chrono Boost)  
  22  2:35  Probe, Warp Gate  
  25  2:47  Probe  
  25  2:53  Adept  
  25  2:58  Twilight Council  
  27  2:59  Probe  
  27  3:00  Probe  
  29  3:11  Probe  
  29  3:12  Probe  
  31  3:23  Gateway  
  31  3:24  Probe (Chrono Boost)  
  31  3:25  Probe (Chrono Boost)  
  31  3:27  Stalker (Chrono Boost)  
  35  3:37  Probe (Chrono Boost)  
  35  3:41  Probe (Chrono Boost)  
  37  3:43  Blink (Chrono Boost), Probe (Chrono Boost)  
  37  3:47  Probe  
  39  3:52  Pylon, Probe  
  40  3:59  Probe  
  41  4:19  Probe x2  
  41  4:20  Stalker x2  
  47  4:24  Robotics Facility  
  47  4:29  Pylon  
  47  4:31  Probe x2  
  49  4:36  Pylon  
  49  4:43  Probe  
  46  4:55  Probe x2, Stalker x2  
  50  5:00  Nexus  
  50  5:02  Assimilator  
  50  5:09  Stalker x2  
  54  5:14  Probe x2  
  54  5:15  Observer (Chrono Boost), Assimilator  
  57  5:22  Stalker x2  
  57  5:24  Pylon  
  57  5:26  Probe  
  61  5:52  Probe  
  61  5:53  Probe  
  63  6:04  Probe  
  64  6:05  Probe  
  64  6:08  Robotics Bay  
  65  6:16  Charge, Probe  
  65  6:17  Probe  
  67  6:18  Probe  
  67  6:20  Warp Prism  
  70  6:28  Probe  
  70  6:29  Probe  
  70  6:30  Probe  
  73  6:35  Gateway  
  73  6:38  Gateway  
  73  6:40  Probe  
  73  6:41  Probe  
  73  6:43  Probe  
  76  6:52  Probe  
  76  6:54  Probe, Pylon, Sentry  
  78  6:55  Sentry, Pylon  
  79  7:01  Probe  
  79  7:02  Pylon  
  79  7:04  Probe  
  79  7:08  Shield Battery  
  80  7:11  Probe  
  80  7:12  Forge  
  80  7:13  Probe  
  82  7:16  Zealot x2  
  82  7:17  Colossus (Chrono Boost)  
  82  7:20  Extended Thermal Lance  
  92  7:25  Probe  
  92  7:27  Zealot x2  
  97  7:37  Shield Battery  
  97  7:55  Zealot  
  97  7:56  Zealot x3  
  87  8:17  Probe x2, Protoss Ground Weapons Level 1 (Chrono Boost)  
  87  8:18  Zealot x2  
  87  8:19  Zealot x2, Colossus (Chrono Boost)  
  103  8:28  Gateway x2  
  103  8:30  Probe  
  103  8:31  Gateway, Nexus  
  103  8:32  Assimilator, Pylon  
  104  8:35  Probe, Templar Archives  
  104  8:36  Probe  
  106  8:41  Zealot x2  
  106  8:46  Pylon x2  
  110  8:48  Pylon  
  110  8:49  Pylon, Shield Battery  
  110  8:55  Sentry  
  112  8:56  Zealot  
  112  9:00  Gravitic Drive, Pylon  
  114  9:05  Zealot  
  114  9:06  Zealot  
  118  9:22  Zealot x2  
  118  9:23  Zealot x2  
  126  9:33  Pylon  
  126  9:39  Nexus, Zealot x3, Pylon  
  126  9:40  Colossus  
  126  9:43  Probe x2  
  126  9:44  Probe x2  
  138  9:54  Stalker x4  
  138  9:55  Probe  
  138  9:56  Probe x2  
  138  9:57  Psionic Storm  
  143  10:04  Shield Battery  
  143  10:05  Shield Battery  
  143  10:09  High Templar x2  
  143  10:13  High Templar  
  143  10:14  Archon  
  149  10:16  High Templar  
  149  10:17  Zealot x3  
  149  10:18  Pylon  
  157  10:21  Archon  
  157  10:22  Gateway  
  157  10:25  Probe x4  
  157  10:27  Shield Battery  
  161  10:32  Pylon  
  161  10:33  Pylon  
  161  10:34  Pylon  
  139  10:56  Zealot x2  
  139  10:57  Zealot x5  
  137  10:58  Probe x5  
  137  11:02  Gravitic Boosters  
  152  11:05  Colossus (Chrono Boost)  
  154  11:17  Gateway x2  
  154  11:19  Photon Cannon  
  154  11:21  High Templar x3  
  154  11:22  Zealot x3  
  154  11:23  Zealot x2, Pylon  
  170  11:26  Assimilator  
  170  11:30  Robotics Facility  
  170  11:33  Photon Cannon  
  170  11:37  Photon Cannon  
  158  11:51  Warp Prism, High Templar x2  
  158  11:52  Zealot x3  
  154  12:02  Archon  
  116  12:11  Zealot x3  
  118  12:17  Zealot  
  118  12:18  Zealot x2  
  124  12:24  Gateway  
  124  12:25  Gateway x2  
  124  12:26  Gateway  
  124  12:27  Colossus  
  124  12:28  Gateway, Photon Cannon  
  124  12:29  Photon Cannon  
  130  12:30  Shield Battery  
  130  12:32  Colossus  
  130  12:33  High Templar, Zealot  
  130  12:34  Zealot x3  
  146  12:48  Protoss Ground Weapons Level 2 (Chrono Boost)  
  146  12:51  Pylon  
  146  13:02  Forge  
  146  13:06  Pylon  
  146  13:07  Zealot x7  
  146  13:11  Nexus  
  148  13:35  High Templar x2  
  148  13:36  Zealot x6  
  148  13:37  Zealot x2  
  148  13:38  Colossus x2  
  178  13:59  Stalker x6  
  178  14:00  Stalker  
  192  14:04  Protoss Ground Armor Level 1 (Chrono Boost)  
  192  14:15  Zealot x2  
  192  14:16  Zealot x2  
  200  14:19  Nexus  
  200  14:21  Dark Shrine  
  200  14:26  Pylon  
  190  14:38  Disruptor x2  
  144  14:40  Archon  
  144  14:43  Zealot  
  144  14:44  Zealot x10  
  144  14:45  Zealot  
  170  14:50  Pylon  
  170  14:52  Assimilator  
  170  15:06  Shield Battery  
  170  15:14  Disruptor x2  
  170  15:20  Zealot  
  170  15:21  Zealot x9  
  186  15:22  Zealot  
  186  15:28  Unknown  
  200  15:31  Gateway  
  200  15:33  Gateway  
  200  15:35  Gateway  
  200  15:37  Photon Cannon, Shield Battery  
  200  15:56  Shadow Stride  
  200  15:57  Nexus  
  150  16:25  Disruptor x2  
  154  16:27  Stalker x6  
  154  16:28  Stalker x7  
  184  16:34  Protoss Ground Armor Level 2  
  184  16:43  Protoss Ground Weapons Level 3 (Chrono Boost), Assimilator  
  184  16:46  Assimilator  
  184  16:50  Zealot x4  
  184  16:51  Zealot x4  
  104  17:23  High Templar x4  
  104  17:24  Zealot x6  
  104  17:25  Zealot x5  
  130  17:35  Disruptor  
  134  17:42  Disruptor  
  138  17:48  Nexus  
  138  17:50  Zealot x2  
  138  17:51  Zealot x10  
  162  18:01  Pylon  
  162  18:03  Assimilator  
  162  18:04  Assimilator  
  160  18:20  Stalker x8  
  160  18:21  Stalker x4  
  156  18:35  Archon x2  
  156  18:40  Zealot x4  
  118  18:52  Disruptor x2  
  122  18:55  Pylon  
  122  18:59  Assimilator, Zealot x6  
  122  19:00  Zealot x6, Protoss Ground Armor Level 3 (Chrono Boost)  
  122  19:01  Assimilator  
  122  19:02  Pylon  
  145  19:17  High Templar  
  145  19:18  Zealot x3  
  145  19:23  Assimilator  
  153  19:27  Disruptor x2  
  155  19:44  Zealot x9  
  155  19:45  Zealot x5  
  183  19:51  Photon Cannon  
  183  19:52  Shield Battery  
  183  19:55  Protoss Shields Level 1  
  183  20:03  Disruptor x2  
  173  20:18  Stalker  
  173  20:19  Stalker x8  
  173  20:20  Stalker  
  185  20:35  Assimilator  
  165  20:41  Nexus  
  135  20:44  Disruptor x2, Assimilator  
  135  20:49  High Templar x2  
  147  20:50  Zealot  
  147  20:51  Zealot x4  
  157  20:58  Pylon  
  157  21:02  Dark Templar x2  
  161  21:05  Dark Templar  
  163  21:14  Dark Templar  
  163  21:17  Dark Templar  
  167  21:18  Zealot  
  167  21:19  Zealot x2  
  167  21:20  Zealot x3  
  157  21:39  Stalker x6  
  165  21:42  Shield Battery  
  135  21:54  Stalker  
  135  21:55  Stalker x4  
  121  22:11  High Templar x2  
  121  22:12  High Templar x2  
  122  22:23  Archon  
  91  22:45  High Templar x4  
  91  22:46  Zealot  
  91  22:47  Zealot x10  
  113  22:55  Gateway  
  113  22:56  Gateway  
  113  22:58  Gateway  
  113  23:03  Nexus  
  105  23:13  Stalker x8  
  115  23:25  Stalker  
  115  23:26  Stalker x3  
  109  23:49  Stalker x6  
  109  23:53  High Templar  
  109  23:54  High Templar x2  
  125  23:56  Archon  
  113  24:07  High Templar, Zealot  
  113  24:08  Zealot x2  
  103  24:24  Nexus  
Show
View Real Time Build Order
Export as new Build Order

Berry Terran - Winner!

Build Orders: Reaper Expand 

Get SALT Encoding   

  8  0:00  SCV  
  9  0:12  SCV  
  10  0:24  SCV  
  10  0:28  Supply Depot  
  11  0:37  SCV  
  12  0:49  SCV  
  13  0:54  Barracks  
  13  1:01  Refinery  
  13  1:06  SCV  
  14  1:18  SCV  
  15  1:30  SCV  
  16  1:44  Orbital Command  
  16  1:45  Reaper  
  17  2:00  Command Center  
  17  2:10  Supply Depot  
  17  2:14  SCV  
  18  2:19  Marine  
  19  2:26  SCV  
  20  2:35  Factory  
  20  2:38  SCV  
  20  2:41  Barracks Reactor  
  21  2:54  SCV  
  21  2:56  Bunker  
  22  2:58  Refinery  
  22  3:06  SCV  
  23  3:17  Orbital Command  
  23  3:18  SCV  
  23  3:19  Marine  
  25  3:26  Starport  
  24  3:32  Widow Mine  
  26  3:35  Marine  
  26  3:38  SCV  
  28  3:41  Marine  
  28  3:45  SCV  
  30  3:52  Marine, SCV  
  30  3:53  Widow Mine  
  34  4:00  Supply Depot  
  34  4:06  SCV  
  34  4:09  SCV  
  34  4:11  Marine x2  
  34  4:12  Medivac  
  37  4:18  SCV  
  37  4:22  SCV  
  39  4:25  Factory Tech Lab  
  39  4:27  Barracks  
  39  4:28  Marine  
  39  4:30  Marine, SCV  
  42  4:34  SCV  
  42  4:38  Supply Depot  
  43  4:42  SCV  
  42  4:53  Starport Tech Lab  
  42  4:55  Marine x2  
  42  4:56  SCV  
  42  4:57  SCV  
  42  4:58  Engineering Bay  
  46  5:08  SCV  
  46  5:09  SCV  
  46  5:10  Barracks  
  46  5:12  Supply Depot  
  48  5:15  Supply Depot  
  48  5:18  Raven  
  48  5:19  Factory Reactor  
  48  5:20  Marine x2  
  52  5:22  SCV  
  52  5:23  SCV  
  54  5:34  SCV  
  55  5:43  Marine  
  56  5:50  Marine x2  
  56  5:51  Stimpack  
  56  5:52  SCV x2  
  56  5:53  Terran Infantry Weapons Level 1  
  56  5:56  Supply Depot  
  60  5:58  Refinery  
  60  6:01  Marine  
  61  6:04  Widow Mine x2  
  61  6:07  SCV x2  
  61  6:08  Starport Reactor, Marine  
  61  6:09  Marauder  
  70  6:17  Marauder, Combat Shield  
  72  6:19  SCV x2  
  72  6:21  Marine  
  75  6:26  Supply Depot  
  75  6:27  Supply Depot, Marine  
  75  6:30  Marauder  
  75  6:31  Widow Mine, SCV x2  
  82  6:38  Marauder  
  82  6:39  Marine  
  85  6:41  Widow Mine  
  85  6:43  SCV  
  85  6:46  Medivac  
  84  6:48  Medivac  
  84  6:49  SCV  
  84  6:52  Marauder  
  84  6:53  Marine  
  90  6:59  Marauder  
  93  7:03  Marine  
  93  7:04  Widow Mine x2  
  97  7:11  Marine  
  97  7:13  Marauder  
  97  7:14  Command Center  
  100  7:16  Medivac  
  100  7:20  Marine  
  103  7:25  Marine  
  103  7:29  Refinery  
  104  7:32  SCV  
  105  7:41  Marauder  
  105  7:42  Marine  
  106  7:45  Marine  
  106  7:48  Marauder  
  106  7:50  Barracks  
  106  7:52  Barracks  
  105  7:59  Marine  
  105  8:00  Medivac  
  105  8:02  Marauder  
  105  8:03  Marine  
  112  8:10  Viking, Marauder  
  101  8:21  SCV  
  101  8:24  Marauder, Starport, Marine x2  
  106  8:29  Orbital Command  
  106  8:30  Viking  
  106  8:31  Terran Infantry Armor Level 1, Marauder  
  110  8:34  SCV  
  110  8:35  SCV  
  110  8:39  Supply Depot  
  110  8:40  Viking, Barracks Reactor, Supply Depot, Barracks Tech Lab  
  114  8:45  Marine x2, Marauder  
  118  8:51  Ghost Academy  
  118  8:52  Marauder  
  120  9:00  Marauder  
  120  9:01  Viking x2  
  126  9:03  SCV  
  126  9:06  SCV, Missile Turret  
  126  9:07  Viking  
  126  9:09  Orbital Command  
  130  9:12  Marine, Marauder  
  130  9:14  Marauder  
  130  9:15  SCV  
  136  9:17  Supply Depot  
  136  9:20  Supply Depot  
  136  9:22  Viking  
  138  9:26  Marine  
  138  9:27  SCV  
  140  9:33  SCV  
  143  9:39  SCV x2  
  143  9:45  Viking x2  
  149  9:46  SCV  
  148  9:55  SCV  
  148  9:59  Marine  
  153  10:00  Marauder, Refinery  
  153  10:01  Unknown  
  153  10:03  Marine x3, Marauder  
  153  10:06  Refinery  
  158  10:09  Supply Depot x2  
  158  10:10  Supply Depot  
  158  10:14  SCV  
  158  10:16  SCV x2  
  163  10:23  Marine x2  
  163  10:27  Unknown  
  167  10:31  Supply Depot, SCV x3  
  167  10:32  Supply Depot  
  170  10:38  Marine x2  
  172  10:43  SCV x2  
  172  10:49  Unknown  
  167  10:53  Unknown  
  167  10:55  Marine  
  167  10:56  Marine, Marauder  
  160  10:57  Viking x3  
  160  11:00  Medivac  
  160  11:03  Command Center  
  168  11:06  Unknown  
  168  11:08  Marine x2  
  168  11:09  Marauder  
  168  11:10  SCV  
  171  11:13  Armory  
  171  11:14  Engineering Bay  
  171  11:23  Missile Turret x2  
  171  11:31  Sensor Tower  
  173  11:32  Barracks  
  173  11:35  Marine  
  173  11:36  Marauder, Barracks  
  173  11:37  Marine  
  173  11:38  Barracks  
  169  11:51  Concussive Shells  
  169  11:53  Medivac x2  
  173  12:00  Unknown  
  165  12:05  Marine x2  
  165  12:06  Marauder x2  
  156  12:08  Liberator x2  
  164  12:16  Marine x2  
  164  12:20  Terran Infantry Armor Level 2  
  166  12:23  Terran Ship Weapons Level 1  
  166  12:25  Missile Turret  
  166  12:26  SCV x3  
  166  12:27  Marauder  
  173  12:32  Terran Infantry Weapons Level 2  
  173  12:37  Marine  
  173  12:38  SCV x3  
  173  12:39  Barracks Reactor, Unknown, Marauder  
  173  12:43  Barracks Tech Lab  
  173  12:44  Barracks Tech Lab  
  179  12:46  Marine  
  179  12:49  Marauder  
  182  12:55  Planetary Fortress, Unknown, Sensor Tower  
  182  12:59  Refinery  
  182  13:00  Marine x2  
  182  13:02  Refinery  
  182  13:05  Personal Cloaking  
  184  13:14  Viking  
  184  13:15  Viking  
  186  13:29  Marine x2  
  186  13:30  Marauder x2  
  194  13:38  Marine x3  
  198  13:51  Marauder  
  198  13:52  Command Center  
  198  13:54  Fusion Core  
  200  13:58  Unknown x2  
  200  14:06  Unknown  
  200  14:13  Command Center  
  200  14:14  Command Center  
  200  14:21  Terran Ship Weapons Level 2  
  184  14:40  Caduceus Reactor  
  186  14:46  Medivac  
  186  14:52  Command Center  
  188  14:53  Command Center  
  188  14:57  Liberator x2  
  194  15:08  Unknown  
  194  15:27  Missile Turret  
  194  15:29  Sensor Tower x2, Missile Turret  
  194  15:30  Missile Turret  
  194  15:34  Starport  
  194  15:35  Nuke  
  194  15:37  Terran Infantry Weapons Level 3, Terran Infantry Armor Level 3, Advanced Ballistics  
  194  15:42  Refinery  
  194  15:43  Refinery, Orbital Command  
  194  15:49  Viking x2  
  198  15:50  Viking  
  167  16:18  Viking  
  153  16:19  Viking  
  153  16:20  Starport Reactor  
  153  16:22  Planetary Fortress  
  159  16:35  Missile Turret x2  
  159  16:36  Sensor Tower, SCV  
  159  16:38  SCV  
  159  16:39  SCV  
  162  16:44  Orbital Command x2  
  162  16:50  Command Center  
  162  16:53  Unknown, Liberator x4  
  174  16:55  Unknown x2, Marine x4, Marauder  
  174  16:56  Marauder x3  
  137  17:24  Marine x2  
  137  17:25  Marauder x2, Marine  
  137  17:26  Marine x3, Marauder  
  152  17:35  Liberator  
  158  17:39  Terran Ship Weapons Level 3  
  158  17:42  Marine x2  
  158  17:43  Marine x2  
  159  17:53  Unknown x2  
  159  18:01  Marine x2  
  159  18:02  Marauder x4, Viking  
  139  18:48  Medivac x2  
  123  18:50  Planetary Fortress  
  123  18:51  Marine x2  
  123  18:52  Marauder x2  
  126  18:56  SCV x6  
  126  19:00  Marine x4, Marauder x2  
  126  19:01  Marauder  
  142  19:03  SCV  
  142  19:08  SCV x2  
  142  19:09  Marine  
  146  19:14  Liberator  
  146  19:17  SCV  
  150  19:19  Missile Turret  
  150  19:20  Liberator  
  150  19:21  Missile Turret  
  153  19:25  Marine x2, Marauder  
  153  19:26  Marine  
  158  19:37  Liberator x3  
  166  19:42  SCV x2  
  166  19:43  SCV  
  166  19:44  SCV  
  173  19:45  SCV  
  173  19:51  Liberator  
  176  19:57  Liberator  
  179  20:00  SCV x2  
  179  20:03  Sensor Tower  
  181  20:08  Unknown  
  178  20:17  Terran Vehicle And Ship Armor Level 1  
  175  20:24  Marine x5, Marauder  
  175  20:25  Marauder, Marine  
  173  20:52  Unknown  
  173  20:54  Command Center  
  173  20:56  Marine x3, Marauder x2  
  173  20:57  Marauder, Medivac x2  
  182  21:02  SCV x4  
  190  21:14  Unknown x2  
  190  21:15  Marauder  
  190  21:18  Viking x4  
  197  21:38  Marine x2, Marauder x2  
  197  21:39  Marine x2  
  190  21:40  Marauder  
  179  22:00  Marauder  
  181  22:03  Marine  
  181  22:06  Unknown x2  
  180  22:29  Marine x2  
  178  22:32  Unknown x2, Marauder  
  178  22:35  Unknown  
  174  22:44  Marine x3  
  174  22:45  Marine  
  176  22:52  Orbital Command  
  176  22:57  Unknown  
  176  22:58  Unknown, Marauder x2  
  179  23:01  Unknown, Marauder, Orbital Command  
  179  23:03  Unknown  
  181  23:08  Marine x2  
  185  23:19  Marauder  
  187  23:22  Unknown  
  187  23:24  Missile Turret  
  187  23:25  Sensor Tower  
  187  23:27  SCV x2  
  187  23:31  Marine x2  
  187  23:32  Marauder  
  194  23:36  Unknown  
  188  23:53  Marine  
  188  23:54  Marauder  
  197  24:00  Unknown  
  192  24:19  Unknown x2  
  192  24:22  Unknown  
Tags
 
Add a new tag
Caveats
  • Supply blocks, unpowered buildings, or Contaminate may cause inaccurate times.
  • Supply counts are checked every 10 seconds.